 Dungeon Crawl Stone Soup version 0.25-a0-424-g80bd347ae0 (webtiles) character file.

Game seed: 10604471752300018608, levelgen mode: deterministic

2557 Nattfarinn the Ducker (level 9, -6/46 HPs)
             Began as a Tengu Summoner on Jan 22, 2020.
             Was a Follower of Hepliaklqana.
             Killed from afar by Erica (31 damage)
             ... with a bolt of poison
             ... on level 8 of the Dungeon.
             The game lasted 00:34:50 (9139 turns).

Nattfarinn the Ducker (Tengu Summoner)              Turns: 9139, Time: 00:34:51

Health: -6/46      AC:  4    Str: 11    XL:     9   Next: 56%
Magic:  4/20       EV: 35    Int: 16    God:    Hepliaklqana [*.....]
Gold:   129        SH:  0    Dex: 15    Spells: 8/22 levels left

rFire    + . .     SeeInvis .   q - staff of wizardry
rCold    x . .     Gourm    .   (no shield)
rNeg     . . .     Faith    .   u - +2 robe {MR+}
rPois    .         Spirit   .   (helmet restricted)
rElec    .         Reflect  .   (no cloak)
rCorr    .         Harm     .   (no gloves)
MR       +....                  (boots unavailable)
Stlth    ++........             r - amulet of the acrobat
HPRegen  0.15/turn              (no ring)
MPRegen  0.17/turn              i - ring of fire

@: lethally poisoned (-6 -> -20), acrobat, flying quickly and evasively, quick
A: reduced essence, beak, talons 3, able to fly
a: Stop Flying, Recall Ancestor, Ancestor Identity, Renounce Religion


You were on level 8 of the Dungeon.
You worshipped Hepliaklqana.
Hepliaklqana was aware of your devotion.
You were very hungry.

You visited 2 branches of the dungeon, and saw 9 of its levels.

You collected 516 gold pieces.
You spent 387 gold pieces at shops.

Inventory:

Hand Weapons
 h - a +0 morningstar
Missiles
 e - 35 poisoned darts (quivered)
Armour
 u - a +2 robe of magic resistance (worn)
Magical Staves
 q - an uncursed staff of wizardry (weapon)
Jewellery
 i - a ring of fire (right hand)
 r - an amulet of the acrobat (around neck)
 D - a +6 ring of protection {unknown}
 E - an uncursed amulet of harm {unknown}
Wands
 l - a wand of flame (22)
 o - a wand of enslavement (2)
 x - a wand of polymorph (6)
 F - a wand of random effects (20)
Scrolls
 a - a scroll of holy word
 b - 6 scrolls of remove curse
 d - 2 scrolls of amnesia
 f - 3 scrolls of enchant armour
 p - a scroll of blinking
 t - a scroll of enchant weapon
 z - a scroll of torment {unknown}
 B - a scroll of teleportation {unknown}
 C - a scroll of vulnerability
Potions
 g - a potion of haste {unknown}
 j - 3 potions of lignification
 k - a potion of magic {unknown}
 m - a potion of heal wounds
 s - a potion of might
Comestibles
 c - 11 rations


   Skills:
 * Level 4.1 Fighting
 * Level 4.5 Armour
 + Level 7.7 Dodging
 - Level 2.0 Stealth
 - Level 7.1 Spellcasting
 - Level 7.2 Summonings


You had 8 spell levels left.
You knew the following spells:

 Your Spells              Type           Power        Failure   Level  Hunger
a - Summon Small Mammal   Summ           ####         1%          1    None
b - Call Imp              Summ           ####....     1%          2    None
c - Call Canine Familiar  Summ           ####....     1%          3    ##.....
d - Summon Lightning Spi  Summ/Air       ###.....     12%         4    ####...
e - Summon Ice Beast      Ice/Summ       ###.....     12%         4    ####...

Your spell library contained the following spells:

 Spells                   Type           Power        Failure   Level  Hunger
 Summon Guardian Golem    Hex/Summ       ###.....     3%          3    ##.....
 Animate Skeleton         Necr           N/A          4%          1    None
 Pain                     Necr           #...         4%          1    None
 Vampiric Draining        Necr           #.........   16%         3    ##.....
 Animate Dead             Necr           N/A          43%         4    ####...
 Agony                    Necr           #.......     77%         5    #####..


Dungeon Overview and Level Annotations

Branches:
Dungeon (8/15)             Temple (1/1) D:5            Lair (0/6) D:8

Altars:
Ashenzari
Cheibriados
Dithmenos
Elyvilon
Fedhas
Gozag
Hepliaklqana
Kikubaaqudgha
Makhleb
Nemelex Xobeh
Okawaru
Qazlal
Ru
Sif Muna
Trog
Uskayaw
Wu Jian
Xom
Zin
The Shining One

Shops:
D:6 *!?   D:7 (   D:8 =

Annotations:
D:5 Pikel
D:8 Erica


Innate Abilities, Weirdness & Mutations

You have a beak for a mouth.
You have claws for feet.
You can fly continuously.
Your life essence is reduced to manifest your ancestor. (-10% HP)


Message History

Casting: Summon Ice Beast (safe; 12% risk of failure)
Confirm with . or Enter, or press ? or * to list all spells.
Aiming: Summon Lightning Spire (safe; 12% risk of failure)
Press: ? - help, Dir - move target cursor An electric hum fills the air.
What are your orders? t - Shout!
Orders for allies: a - Attack new target. r - Retreat! s - Stop attacking. g - Guard the area. f - Follow me.
Anything else - Cancel.
Gang up on whom?
Press: ? - help, Dir - move target cursor, f - Erica
Aim: Erica, wielding a +3 scimitar of flaming and wearing a +0 robe Attack!
Erica gestures at you while chanting. The bolt of poison hits you!!
You are poisoned.
Ouch! That really hurt!
You die...

**,,**,* **,* #..y.## *,,,,,,*
#.# ##y###.. *,,,,,,* #.# #.y#
#.# ,,****** #.# #..# #.' ,,*
#.# #..# ### ,,** ##### #.##
#..# # **,** ##...#####..###
#..# # ***,***
#...Y.Y##.....###..#
**,,**##<.†#YR@8..........#####
**,,*#..[####...#####.........
#......## ##h.#* ##...####.
###....# ##..#* #..## ** ######
##..#* #..## *
*####**#.@###...#####
##....#**#..##........
#..,...##*#.....######
#..#*#..###...### *


You could see the friendly Gaius the ancestor, Erica, 3 friendly ice beasts, a
friendly lightning spire and a friendly hound.

Vanquished Creatures
  2 water moccasins
  A phantom (D:7)
  2 bullfrogs (D:6)
  A killer bee (D:8)
  A centaur skeleton (D:4)
  2 orc priests
  Terence (D:2)
  A gnoll (D:7)
  3 adders (D:2)
  An ooze (D:1)
  A worm (D:3)
  3 dart slugs
  3 leopard geckos
  3 orcs
  4 bats
  5 giant cockroaches
  5 goblins
  8 hobgoblins
  3 jackals
  5 kobolds
  3 quokkas
  A ball python (D:1)
  5 frilled lizards
  5 rats
69 creatures vanquished.

Vanquished Creatures (collateral kills)
  Harold (D:7)
  Joseph (D:7)
  A hippogriff (D:7)
  Sigmund (D:4)
  A human (D:7)
  4 hogs (D:7)
  Menkaure (D:7)
  2 ice beasts (D:7)
  A phantom (D:5)
  A sky beast (D:6)
  3 slaves (D:5)
  A scorpion (D:4)
  4 killer bees
  3 crimson imps
  A centaur zombie (D:7)
  A quasit (D:6)
  A jelly (D:8)
  A centaur skeleton (D:4)
  2 orc priests (D:5)
  An iguana (D:7)
  3 orc wizards
  A worker ant (D:5)
  A hound zombie (D:6)
  Robin (D:2)
  4 gnolls
  10 adders
  2 worms
  A dart slug (D:1)
  2 leopard geckos
  11 orcs
  A giant cockroach (D:5)
  12 goblins
  3 hobgoblins
  A jackal (D:2)
  2 kobolds
  3 quokkas
  A frilled lizard (D:5)
  A rat (D:2)
92 creatures vanquished.

Vanquished Creatures (others)
  3 ancestors
3 creatures vanquished.

Grand Total: 164 creatures vanquished

Notes
Turn   | Place    | Note
-------+----------+-------------------------------------------
     0 | D:1      | Nattfarinn the Tengu Summoner began the quest for the Orb.
     0 | D:1      | Reached XP level 1. HP: 10/10 MP: 4/4
   152 | D:1      | Reached skill level 5 in Summonings
   190 | D:1      | Reached XP level 2. HP: 8/15 MP: 3/6
   323 | D:1      | Learned a level 2 spell: Call Imp
  1164 | D:2      | Reached XP level 3. HP: 15/19 MP: 7/7
  1228 | D:2      | Learned a level 3 spell: Call Canine Familiar
  1322 | D:2      | Found a hide-covered altar of Uskayaw.
  1379 | D:2      | Noticed Terence
  1455 | D:2      | Killed Terence
  1455 | D:2      | Reached XP level 4. HP: 24/24 MP: 6/8
  1637 | D:2      | Noticed Robin
  1675 | D:2      | Killed Robin
  2134 | D:2      | Found a snail-covered altar of Cheibriados.
  2136 | D:2      | Found a glowing silver altar of Zin.
  2139 | D:2      | Found a bloodstained altar of Trog.
  2189 | D:2      | Gained mutation: You can fly continuously. [Tengu growth]
  2189 | D:2      | Reached XP level 5. HP: 18/28 MP: 7/9
  2306 | D:2      | Found a stormy altar of Qazlal.
  2464 | D:3      | Found a sparkling altar of Nemelex Xobeh.
  2464 | D:3      | Found a blossoming altar of Fedhas.
  2464 | D:3      | Found an opulent altar of Gozag.
  2464 | D:3      | Found a shattered altar of Ashenzari.
  3083 | D:3      | Found an iron altar of Okawaru.
  3771 | D:4      | Noticed Sigmund
  3841 | D:4      | Reached XP level 6. HP: 32/32 MP: 10/10
  3935 | D:4      | Learned a level 4 spell: Summon Lightning Spire
  4616 | D:4      | Killed Sigmund
  4922 | D:5      | Entered Level 5 of the Dungeon
  4922 | D:5      | Noticed a phantom
  4954 | D:5      | Killed a phantom
  4954 | D:5      | Reached XP level 7. HP: 36/36 MP: 6/13
  4977 | D:5      | Noticed Pikel
  5414 | D:5      | Reached skill level 5 in Dodging
  5427 | D:5      | Found a staircase to the Ecumenical Temple.
  5457 | Temple   | Entered the Ecumenical Temple
  5486 | Temple   | Became a worshipper of Hepliaklqana the Forgotten
  5921 | D:6      | Found Oraovun's Distillery.
  5925 | D:6      | Bought a potion of heal wounds for 70 gold pieces
  5925 | D:6      | Bought a potion of heal wounds for 70 gold pieces
  5925 | D:6      | Bought a potion of curing for 42 gold pieces
  6307 | D:6      | Found Vigobru's General Store.
  6319 | D:6      | Bought a potion of curing for 33 gold pieces
  6319 | D:6      | Bought a scroll of enchant armour for 82 gold pieces
  6407 | D:6      | Reached skill level 5 in Spellcasting
  6511 | D:6      | Reached * piety under Hepliaklqana
  6623 | D:6      | Found Zeutsof's Magic Scroll Shoppe.
  6628 | D:6      | Bought a scroll of blinking for 90 gold pieces
  7003 | D:7      | Noticed Menkaure
  7010 | D:7      | Killed Menkaure
  7010 | D:7      | Reached XP level 8. HP: 36/36 MP: 9/17
  7086 | D:7      | Found Caoqy's Weapon Boutique.
  7250 | D:7      | Noticed a hippogriff
  7466 | D:7      | Killed a hippogriff
  7636 | D:7      | Learned a level 4 spell: Summon Ice Beast
  7772 | D:7      | Reached skill level 1 in Fighting
  7772 | D:7      | Reached skill level 1 in Armour
  7964 | D:7      | Noticed Joseph
  7974 | D:7      | Killed Joseph
  7974 | D:7      | Reached XP level 9. HP: 44/44 MP: 5/20
  7991 | D:7      | Noticed Harold
  8566 | D:7      | Killed Harold
  8775 | D:8      | Found a glowing golden altar of the Shining One.
  8813 | D:8      | Found Keidd's Jewellery Shop.
  8847 | D:8      | Noticed Erica
  9139 | D:8      | Killed from afar by Erica

Levels and vault maps discovered:
D:1:      sevenhm_arrival_forest_fort_large_2, layout_basic
D:2:      layout_loops_ring, grunt_temple_overflow_diamond, lemuel_round_altar,
          first_ration, nicolae_qazlal_eye_of_the_storm, uniq_terence,
          uniq_robin
D:3:      layout_rooms, okawaru_altar_gauntlet_db, grunt_temple_overflow_open
D:4:      layout_basic, uniq_sigmund
D:5:      layout_rooms, minmay_temple_entry_trees, lightli_corner_chamber,
          uniq_pikel
D:6:      layout_basic, serial_shops, shop, shop_statue, nicolae_shop_crystal
D:7:      layout_rooms, serial_shops, shop, nicolae_shop_stone,
          grunt_ministairs_8, serial_bayou_pond_d, grunt_livestock, uniq_harold,
          uniq_menkaure, uniq_joseph
D:8:      layout_layer_cave, tso_oasis_becter, erik_lair_orcish_takeover,
          enter_bailey_2, serial_shops, nicolae_shop_behind_doors, uniq_grum,
          uniq_erica
Temple:   nicolae_temple_x_marks_the_god

Skill      XL: |  1  2  3  4  5  6  7  8  9 |
---------------+----------------------------+-----
Summonings     | 5 6 7 |  7.2
Dodging        | 3 4 5 7 |  7.7
Spellcasting   | 3 5 7 |  7.1
Fighting       | 2 4 |  4.1
Armour         | 2 4 |  4.5
Stealth        | |  2.0

Action                   |  1- 3 |  4- 6 |  7- 9 || total
-------------------------+-------+-------+-------++-------
Melee: Unarmed           |    27 |    15 |       ||    42
       Kick              |     7 |    27 |    19 ||    53
       Peck              |     3 |    12 |    15 ||    30
       Morningstar       |       |    37 |       ||    37
       Staff             |       |    55 |   106 ||   161
Throw: Dart              |    47 |    29 |       ||    76
 Cast: Summon Small Mamm |     5 |       |     7 ||    12
       Call Imp          |     2 |    14 |    20 ||    36
       Call Canine Famil |     2 |    18 |    27 ||    47
       Summon Lightning  |       |     2 |    23 ||    25
       Summon Ice Beast  |       |       |    17 ||    17
Invok: Recall Ancestor   |       |       |     3 ||     3
 Abil: Fly               |       |     1 |       ||     1
  Use: Scroll            |     4 |     2 |     9 ||    15
       Potion            |       |       |     9 ||     9
 Stab: Sleeping          |     3 |     5 |     1 ||     9
  Eat: Chunk             |     2 |    11 |    17 ||    30
       Ration            |       |     1 |     1 ||     2
Armor: Robe              |     6 |    12 |    16 ||    34
       Skin              |       |       |    39 ||    39
Dodge: Dodged            |    24 |   108 |   176 ||   308

Table legend:
 A = Non-vault XP
 B = Vault XP
 C = Vault XP percentage of total XP
 D = Non-vault monster count
 E = Vault monster count
 F = Vault count percentage of total count
                 A         B        C        D         E       F
            +---------+---------+-------+---------+---------+-------
      Total |    1864 |    1789 |  49.0 |     128 |      30 |  19.0
            +---------+---------+-------+---------+---------+-------
        D:1 |      31 |       0 |   0.0 |      16 |       0 |   0.0
        D:2 |      84 |      51 |  37.8 |      25 |      13 |  34.2
        D:3 |      83 |      14 |  14.4 |      20 |       6 |  23.1
        D:4 |     168 |     106 |  38.7 |      16 |       1 |   5.9
        D:5 |     232 |       0 |   0.0 |      15 |       0 |   0.0
        D:6 |     403 |       0 |   0.0 |      14 |       0 |   0.0
        D:7 |     579 |    1618 |  73.6 |      14 |      10 |  41.7
        D:8 |     284 |       0 |   0.0 |       8 |       0 |   0.0
            +---------+---------+-------+---------+---------+-------
